 Dungeon Crawl Stone Soup version 0.29-a0-1019-g84f7d21838 (webtiles) character file.

Game seed: 4924903367468954604

682 xian the Magician (level 7, -7/37 HPs)
             Began as a Deep Elf Ice Elementalist on Aug 11, 2022.
             Mangled by Menkaure (16 damage)
             ... on level 5 of the Dungeon.
             The game lasted 00:14:52 (4238 turns).

xian the Magician (Deep Elf Ice Elementalist)       Turns: 4238, Time: 00:14:52

Health: -7/37      AC: 14    Str:  5    XL:     7   Next: 34%
Magic:  10/20      EV: 12    Int: 28    God:
Gold:   146        SH:  5    Dex: 15    Spells: 14/21 levels left

rFire   . . .      SeeInvis .   A - +2 dagger (freeze)
rCold   + . .      Faith    .   (no shield)
rNeg    . . .      Spirit   .   z - +2 leather armour {rF+}
rPois   .          Reflect  +   (no helmet)
rElec   .          Harm     .   C - +0 cloak
rCorr   .          Rampage  .   (no gloves)
Will    .....                   (no boots)
Stlth   ++........              c - amulet of reflection
HPRegen 0.12/turn               h - ring of ice
MPRegen 0.17/turn               m - +6 ring of intelligence

@: ice-armoured, about to teleport, freezing walls
A: no striking features
a: no special abilities


You were on level 5 of the Dungeon.
You visited 1 branch of the dungeon, and saw 5 of its levels.

You collected 236 gold pieces.
You spent 90 gold pieces at shops.

Inventory:

Hand Weapons
 A - a +2 dagger of freezing (weapon)
Missiles
 s - 2 curare-tipped darts
 t - 2 boomerangs of dispersal
Armour
 a - an orb of wrath
 z - a +2 leather armour of fire resistance (worn)
 C - a +0 cloak (worn)
Jewellery
 c - an amulet of reflection (around neck)
 h - a ring of ice (left hand)
 m - a +6 ring of intelligence (right hand)
 r - a ring of flight
 y - a +4 ring of slaying
Wands
 u - a wand of mindburst (37)
Scrolls
 e - a scroll of enchant weapon {unknown}
 f - 4 scrolls of amnesia
 g - a scroll of summoning
 i - a scroll of torment
 k - 2 scrolls of teleportation
 v - a scroll of immolation
 w - a scroll of enchant armour {unknown}
 B - a scroll of fear {unknown}
Potions
 b - 2 potions of magic
 d - a potion of curing
 j - a potion of degeneration {unknown}
 l - 2 potions of lignification
 n - a potion of haste {unknown}
 o - a potion of might
 p - a potion of flight {unknown}
 q - a potion of brilliance {unknown}
 x - 2 potions of heal wounds {unknown}


   Skills:
 + Level 0.4 Fighting
 + Level 1.1 Long Blades
 + Level 1.3 Armour
 + Level 2.7 Dodging
 + Level 3.0 Stealth
 + Level 1.2 Shields
 + Level 7.6 Spellcasting
 + Level 6.7 Ice Magic


You had 14 spell levels left.
You knew the following spells:

 Your Spells              Type           Power      Damage    Failure   Level
a - Freeze                Ice            100%       1d11      1%          1
b - Frozen Ramparts       Ice            100%       1d16      1%          3
c - Ozocubu's Armour      Ice            64%        N/A       1%          3

Your spell library contained the following spells:

 Spells                   Type           Power      Damage    Failure   Level
 Hailstorm                Conj/Ice       44%        3d10      21%         4
 Conjure Flame            Conj/Fire      10%        6-21      26%         3
 Ignite Poison            Fire/Tmut/Pois 10%        N/A       26%         3
 Sticky Flame             Conj/Fire      10%        2d3       63%         4


Dungeon Overview and Level Annotations

Branches:
Dungeon (5/15)
 Temple: D:4-7

Altars:
Qazlal

Shops:
D:2 ?

Annotations:
D:5 Menkaure


Message History

Menkaure calls on the powers of darkness!
Your body is wracked with pain!
Menkaure hums in an indecipherable tongue.
Menkaure calls on the powers of darkness!
Your body is wracked with pain!
* * * LOW HITPOINT WARNING * * *
Menkaure points at you and mumbles some strange words.
Pain shoots through your body!
* * * LOW HITPOINT WARNING * * *
Menkaure rustles drily.
Menkaure calls on the powers of darkness!
You feel a surge of unholy energy.
You feel better.
The frozen ramparts melt away.
Casting: Freeze (safe; 1% risk of failure)
Confirm with . or Enter, or press ? or * to list all spells.
Casting: Frozen Ramparts (safe; 1% risk of failure)
Press: ? - help, Dir - look around, f - activate You feel a surge of power!
The walls around you are covered in ice.
Menkaure completely resists.
The wall freezes Menkaure but does no damage.
Unknown command.
You are too injured to fight recklessly!
You are too injured to fight recklessly!
Casting: Frozen Ramparts (safe; 1% risk of failure)
Confirm with . or Enter, or press ? or * to list all spells.
Aiming: Freeze (safe; 1% risk of failure)
Press: ? - help, Shift-Dir - straight line, f - Menkaure
Aim: Menkaure (fast)
You feel a surge of power!
You freeze Menkaure.
Menkaure resists.
Menkaure is lightly damaged.
The wall freezes Menkaure but does no damage.
Menkaure closely misses you.
Menkaure resists.
The wall freezes Menkaure.
Menkaure closely misses you.
As you read the scroll of teleportation, it crumbles to dust.
You feel strangely unstable.
Menkaure completely resists.
The wall freezes Menkaure but does no damage.
Menkaure hits you!
You die...

## ##.##
#..# ##.#
#.## #..#
##.##
#..####
###.....#
#M@######
....).!##
....)##
.... ...
.. #


You could see Menkaure (fast).

Vanquished Creatures
  A black bear (D:4)
  A kobold brigand (D:5)
  An orc priest (D:3)
  2 hounds
  Crazy Yiuf (D:4)
  Ijyb (D:4)
  2 orc wizards (D:3)
  3 iguanas
  6 adders
  7 gnolls
  An ufetubus (D:4)
  A worm (D:2)
  4 dart slugs (D:2)
  15 orcs
  4 endoplasms
  6 giant cockroaches
  4 goblins
  13 hobgoblins
  5 jackals
  7 quokkas
  6 ball pythons
  4 bats
  7 frilled lizards
  12 kobolds
  4 rats
118 creatures vanquished.

Notes
Turn   | Place    | Note
-------+----------+-------------------------------------------
     0 | D:1      | xian the Deep Elf Ice Elementalist began the quest for the
                  | Orb.
     0 | D:1      | Reached XP level 1. HP: 10/10 MP: 6/6
   391 | D:1      | Reached XP level 2. HP: 11/15 MP: 2/8
   862 | D:1      | Found a faded altar of an unknown god.
  1112 | D:2      | Reached skill level 5 in Ice Magic
  1229 | D:2      | Reached XP level 3. HP: 19/19 MP: 3/10
  1234 | D:2      | Learned a level 3 spell: Frozen Ramparts
  1238 | D:2      | Learned a level 3 spell: Ozocubu's Armour
  1373 | D:2      | Reached skill level 4 in Spellcasting
  1607 | D:2      | Found Yfuhasag's Magic Scroll Boutique.
  1625 | D:2      | Bought a scroll of identify for 20 gold pieces
  1625 | D:2      | Bought a scroll of identify for 20 gold pieces
  1625 | D:2      | Bought a scroll of identify for 20 gold pieces
  1625 | D:2      | Bought a scroll of teleportation for 30 gold pieces
  2009 | D:2      | Reached XP level 4. HP: 23/24 MP: 8/12
  2459 | D:3      | Reached skill level 5 in Spellcasting
  2460 | D:3      | Reached XP level 5. HP: 23/28 MP: 4/15
  2461 | D:3      | Reached skill level 1 in Long Blades
  2885 | D:3      | Found a stormy altar of Qazlal.
  3152 | D:4      | Reached skill level 6 in Spellcasting
  3196 | D:4      | Reached XP level 6. HP: 27/33 MP: 10/17
  3201 | D:4      | Noticed Ijyb
  3205 | D:4      | Killed Ijyb
  3373 | D:4      | Reached skill level 1 in Shields
  3716 | D:4      | Reached skill level 1 in Armour
  3716 | D:4      | Reached skill level 7 in Spellcasting
  3878 | D:4      | Found a runed translucent door.
  3879 | D:4      | Noticed Crazy Yiuf
  4024 | D:4      | Killed Crazy Yiuf
  4025 | D:4      | Reached XP level 7. HP: 37/37 MP: 6/19
  4156 | D:5      | Entered Level 5 of the Dungeon
  4225 | D:5      | Noticed Menkaure
  4232 | D:5      | HP: 1/37 [Menkaure/nerve-wracking pain (10)]
  4238 | D:5      | Mangled by Menkaure

Illustrated notes

Levels and vault maps discovered:
D:1:      spicycebolla_arrival_xxxplode, layout_loops_ring,
          basic_ecumenical_altar
D:2:      minmay_diamond_boxcup, layout_basic, serial_shops,
          nicolae_shop_advertising_works [nicolae_subvault_shop_adworks],
          serial_park_tiny_pond, minmay_heptomino_d4
D:3:      layout_rooms, nicolae_qazlal_eye_of_the_storm
D:4:      layout_rooms, kennysheep_generic_room_2, uniq_crazy_yiuf_cottage,
          uniq_ijyb
D:5:      layout_cave_pods, minitemple, uniq_menkaure

Skill      XL: |  1  2  3  4  5  6 |
---------------+-------------------+-----
Ice Magic      | 5 6 |  6.7
Spellcasting   | 4 5 6 7 |  7.6
Stealth        | 3 |  3.0
Long Blades    | 1 |  1.1
Shields        | 1 |  1.2
Armour         | 1 |  1.3
Fighting       | |  0.4
Dodging        | |  2.7

Action                   |  1- 3 |  4- 6 |  7- 9 || total
-------------------------+-------+-------+-------++-------
Melee: Unarmed           |    10 |       |       ||    10
       Long sword        |     6 |    12 |       ||    18
       Dagger            |       |    23 |       ||    23
       Punch             |       |     1 |       ||     1
 Cast: Freeze            |    61 |    46 |     8 ||   115
       Frozen Ramparts   |       |     9 |     2 ||    11
       Ozocubu's Armour  |       |     8 |     1 ||     9
  Use: Scroll            |     6 |     2 |     1 ||     9
       Potion            |       |       |     1 ||     1
 Stab: Sleeping          |     2 |     1 |       ||     3
Armor: Leather armour    |    17 |    21 |     1 ||    39
Dodge: Dodged            |    36 |    42 |     5 ||    83
Block: Other             |    15 |    17 |       ||    32
       Reflection        |     1 |     2 |       ||     3

Table legend: (Time is in decaauts)
 A = Elapsed time spent in this place.
 B = Non-inter-level travel time spent in this place.
 C = Inter-level travel time spent in this place.
 D = Time resting spent in this place.
 E = Time spent auto-exploring this place.
 F = Levels seen in this place.
 G = Mean time per level.
                   A        B        C        D        E       F      G
               +--------+--------+--------+--------+--------+-----+--------+
         Total |   4246 |   4160 |     86 |    127 |   3070 |   5 |  849.2 |
       Dungeon |   4246 |   4160 |     86 |    127 |   3070 |   5 |  849.2 |
               +--------+--------+--------+--------+--------+-----+--------+

Top non-repeatable levels by time:
     D:2: 1202 daAuts
     D:1: 1078 daAuts
     D:4: 1067 daAuts
     D:3: 815 daAuts
     D:5: 81 daAuts
